 Dungeon Crawl Stone Soup version 0.19.5 (webtiles) character file.

86 sveltemanboy the Skirmisher (level 4, 0/33 HPs)
             Began as a Demonspawn Monk on Apr 6, 2017.
             Slain by an adder (2 damage)
             ... on level 3 of the Dungeon.
             The game lasted 00:04:01 (2143 turns).

sveltemanboy the Skirmisher (Demonspawn Monk)       Turns: 2143, Time: 00:04:02

Health: 0/33       AC:  4    Str:  9 (12) XL:     4   Next: 27%
Magic:  4/4        EV: 13    Int: 10 (12) God:
Gold:   86         SH:  0    Dex: 12 (15) Spells: 0 memorised, 3 levels left

rFire  . . .     SeeInvis .     a - +0 spear
rCold  . . .     Gourm    .     b - +0 robe
rNeg   . . .     Faith    .     (no shield)
rPois  .         Spirit   .     (helmet restricted)
rElec  .         Reflect  .     (no cloak)
rCorr  .         Harm     .     (no gloves)
MR     .....                    (no boots)
Stlth  ++........               (no amulet)
                                (no ring)
                                (no ring)

@: lethally poisoned (0 -> -3), flying, very slightly contaminated
A: antennae 1, beak, thin metallic scales 1, frail 1, powered by pain 1
a: no special abilities


You were on level 3 of the Dungeon.
You were not hungry.

You visited 1 branch of the dungeon, and saw 3 of its levels.

You collected 86 gold pieces.

Inventory:

Hand Weapons
 a - a +0 spear (weapon)
Armour
 b - a +0 robe (worn)
Scrolls
 d - 4 scrolls of identify
 h - 3 scrolls of remove curse
 i - a scroll of magic mapping {unknown}
 m - a scroll of noise {unknown}
Potions
 e - a potion of haste
 g - a potion of magic
Books
 q - a book of Geomancy

   Spells                             Type                      Level
   a - Sandblast                      Earth                        1
   b - Passwall                       Transmutation/Earth          2
   c - Stone Arrow                    Conjuration/Earth            3
   d - Petrify                        Transmutation/Earth          4
   e - Lee's Rapid Deconstruction     Earth                        5
Comestibles
 c - 3 bread rations
 j - 2 chunks of flesh
 n - 4 fruits


   Skills:
 + Level 3.7 Fighting
 - Level 2.6 Polearms
 + Level 1.9 Armour
 + Level 3.5 Dodging
 - Level 1.7 Stealth


You had 3 spell levels left.
You didn't know any spells.

Dungeon Overview and Level Annotations

Branches:
Dungeon (3/15)

Altars:
Dithmenos


Innate Abilities, Weirdness & Mutations

You have a pair of small antennae on your head.
You sometimes gain a little power by taking damage.
You have a beak for a mouth.
You are partially covered in thin metallic scales. (AC +2)
You are frail. (-10% HP)


Message History

Your mouth lengthens and hardens into a beak!
Thin metallic scales grow over part of your body.
The adder closely misses you. The orc misses you. The adder closely misses you.
It was a potion of flight.
You feel very buoyant.
You fly up into the air.
You feel sick. The orc misses you. The adder bites you but does no damage.
It was a potion of degeneration.
There was something very wrong with that liquid.
You feel weakened.
You feel dopey.
You feel clumsy. The adder barely misses you. The orc hits you with a whip.
* * * LOW HITPOINT WARNING * * *
Okay, then.
You hit the adder but do no damage. The adder completely misses you.
The orc closely misses you. The adder bites you but does no damage.
You barely miss the adder. Your peck misses the adder.
You feel sick. The orc barely misses you. The adder bites you.
* * * LOW HITPOINT WARNING * * *
You closely miss the adder. The adder bites you.
You die...

#...###..##.....##..#
..>... .............
...... #.........#
......####..._...##
......##.........##..#
#..........o........
#.#...##.....##.....
#.#So###..#..# #....
#..@)##..###..# .#.#
####.....# #.....#.#
#.#)#..#..#.### #
#.####.#.#.......#
#........####.....
######.### ### #.# #.#
#.#


You could see an adder and an orc.

Vanquished Creatures
  An orc wizard (D:2)
  An adder (D:3)
  An ooze (D:3)
  2 dart slugs (D:1)
  3 leopard geckos
  An orc (D:3)
  4 giant cockroaches
  6 goblins
  4 hobgoblins
  7 bats
  A frilled lizard (D:1)
  2 kobolds
  3 rats
36 creatures vanquished.

Notes
Turn   | Place    | Note
-------+----------+-------------------------------------------
     0 | D:1      | sveltemanboy the Demonspawn Monk began the quest for the Orb.
     0 | D:1      | Reached XP level 1. HP: 18/18 MP: 1/1
   156 | D:1      | Gained mutation: You have a pair of small antennae on your head. [demonic ancestry]
   156 | D:1      | Reached XP level 2. HP: 13/24 MP: 2/2
   419 | D:1      | Reached skill level 1 in Armour
  1286 | D:2      | Found a faded altar of an unknown god.
  1447 | D:2      | Gained mutation: You sometimes gain a little power by taking damage. [demonic ancestry]
  1447 | D:2      | Reached XP level 3. HP: 29/29 MP: 3/3
  1829 | D:3      | Found a shadowy altar of Dithmenos.
  2070 | D:2      | Reached XP level 4. HP: 26/37 MP: 4/4
  2138 | D:3      | Gained mutation: You are frail. (-10% HP) [potion of mutation]
  2138 | D:3      | Gained mutation: You have a beak for a mouth. [potion of mutation]
  2138 | D:3      | Gained mutation: You are partially covered in thin metallic scales. (AC +2) [potion of mutation]
  2143 | D:3      | Slain by an adder

Skill      XL: |  1  2 |
---------------+-------+-----
Armour         | 1 |  1.9
Dodging        | 3 |  3.5
Fighting       | |  3.7
Polearms       | |  2.6
Stealth        | |  1.7

Action                   |  1- 3 |  4- 6 || total
-------------------------+-------+-------++-------
Melee: Spear             |   160 |    20 ||   180
  Use: Scroll            |     4 |       ||     4
       Potion            |     2 |     5 ||     7
 Stab: Sleeping          |     6 |       ||     6
  Eat: Chunk             |     4 |       ||     4
Armor: Leather armour    |     6 |       ||     6
       Robe              |    24 |     5 ||    29
Dodge: Dodged            |    84 |    33 ||   117
